 Dungeon Crawl Stone Soup version 0.21.1-68-g103a7af (webtiles) character file.

19 meralisa the Ruffian (level 2, -1/25 HPs)
             Began as a Naga Transmuter on Aug 2, 2018.
             Slain by a jackal (2 damage)
             ... on level 1 of the Dungeon.
             The game lasted 00:01:38 (218 turns).

meralisa the Ruffian (Naga Transmuter)               Turns: 218, Time: 00:01:38

Health: -1/25      AC:  1    Str: 12    XL:     2   Next: 75%
Magic:  4/5        EV: 10    Int: 13    God:
Gold:   0          SH:  0    Dex: 11    Spells: 4/5 levels left

rFire    . . .     SeeInvis +     - Unarmed
rCold    . . .     Gourm    .   (no shield)
rNeg     . . .     Faith    .   b - +0 robe
rPois    +         Spirit   .   (no helmet)
rElec    .         Reflect  .   (no cloak)
rCorr    .         Harm     .   (no gloves)
MR       .....                  (no barding)
Stlth    ++........             (no amulet)
HPRegen  0.08/turn              (no ring)
MPRegen  0.09/turn              (no ring)

@: appendage (expiring), very slow
A: large, horns 2, see invisible, deformed body, poison resistance, slowness 2,
slow metabolism 1, spit poison 1, AC +0
a: Spit Poison, End Transformation


You were on level 1 of the Dungeon.
You were not hungry.
You had grown temporary horns.
You visited 1 branch of the dungeon, and saw 1 of its levels.

Inventory:

Hand Weapons
 h - a +0 short sword of speed
Missiles
 a - 12 arrows
 e - 40 bolts
Armour
 b - a +0 robe (worn)
Scrolls
 f - 2 scrolls of identify {unknown}
Potions
 g - a potion of heal wounds {unknown}
Books
 c - a book of Changes

   Spells                             Type                      Level
   a - Beastly Appendage              Transmutation                1
   b - Sticks to Snakes               Transmutation                2
   c - Spider Form                    Transmutation/Poison         3
   d - Ice Form                       Ice/Transmutation            4
   e - Blade Hands                    Transmutation                5
Comestibles
 d - 2 rations


   Skills:
 * Level 1.2 Fighting
 + Level 1.6 Dodging
 * Level 1.4 Stealth
 + Level 3.3 Unarmed Combat
 - Level 2.0 Spellcasting
 * Level 2.3 Transmutations


You had 4 spell levels left.
You knew the following spells:

 Your Spells              Type           Power        Failure   Level  Hunger
a - Beastly Appendage     Tmut           #.....       10%         1    ##.....


Dungeon Overview and Level Annotations

Branches:
Dungeon (1/15)

Altars:


Innate Abilities, Weirdness & Mutations

You cannot wear boots.
Your serpentine skin is tough. (AC +0)
You have supernaturally acute eyesight. (SInv)
Armour fits poorly on your strangely shaped body.
Your system is resistant to poisons. (rPois)
You cover ground very slowly.
You have a slow metabolism.
You can spit poison.
You have a pair of horns on your head.


Message History

The jackal misses you.
Press: ? - help, Shift-Dir - straight line, f - jackal
Aim: a jackal The splash of poison misses the jackal.
The splash of poison hits the jackal.
The jackal is poisoned.
You kill the jackal!
You feel slightly more hungry. The jackal bites you.
* * * LOW HITPOINT WARNING * * *
The jackal barely misses you.
You barely miss the jackal. The jackal bites you.
* * * LOW HITPOINT WARNING * * *
You miss the jackal.
Your transformation is almost over.
You have got your breath back.
The jackal bites you.
* * * LOW HITPOINT WARNING * * *
The jackal barely misses you.
You closely miss the jackal. Your headbutt misses the jackal.
The jackal bites you.
You die...

##.##....#.....##.# #
#.##....#........# #
#..#....#........# #
##.#....#........# #
#####......#.....)..#
#
#..........#........#
#
#..........#........#
#
#.....#h####.........
#.....#@# #.#########
#.....#.#
..........#.# ######
..........#+# #.....
............ #.####
............. #.#
......#........
#.####
..?...#........
#.....
......#......h.
######


You could see a jackal.

Vanquished Creatures
  A gnoll (D:1)
  A giant cockroach (D:1)
  A hobgoblin (D:1)
  2 jackals (D:1)
  2 bats (D:1)
  3 kobolds (D:1)
10 creatures vanquished.

Notes
Turn   | Place    | Note
-------+----------+-------------------------------------------
     0 | D:1      | meralisa the Naga Transmuter began the quest for the Orb.
     0 | D:1      | Reached XP level 1. HP: 18/18 MP: 3/3
   171 | D:1      | Reached skill level 1 in Stealth
   171 | D:1      | Reached XP level 2. HP: 10/25 MP: 3/5
   217 | D:1      | HP: 1/25 [jackal (3)]
   218 | D:1      | Slain by a jackal

Skill      XL: |  1 |
---------------+----+-----
Stealth        | 1 |  1.4
Fighting       | |  1.2
Dodging        | |  1.6
Unarmed Combat | |  3.3
Spellcasting   | |  2.0
Transmutations | |  2.3

Action                   || total
-------------------------++-------
Melee: Unarmed           ||    12
 Cast: Beastly Appendage ||     3
 Abil: Spit Poison       ||    10
Armor: Robe              ||     3
Dodge: Dodged            ||    14
